 Dungeon Crawl Stone Soup version 0.29-a0-919-gd064cfad1c (webtiles) character file.

Game seed: 1358228408589033770

44 scionoferis the Caller (level 3, -3/21 HPs)
             Began as an Octopode Summoner on July 26, 2022.
             Slain by a goblin
             ... wielding a +0 club
             ... led by Robin
              (6 damage)
             ... on level 2 of the Dungeon.
             The game lasted 00:04:48 (1362 turns).

scionoferis the Caller (Octopode Summoner)          Turns: 1362, Time: 00:04:49

Health: -3/21      AC:  1    Str: 13    XL:     3   Next: 60%
Magic:  2/6        EV: 13    Int: 19    God:
Gold:   50         SH:  0    Dex: 12    Spells: 3/7 levels left

rFire   . . .      SeeInvis .   a - +0 dagger
rCold   . . .      Faith    .   (no shield)
rNeg    . . .      Spirit   .   (helmet restricted)
rPois   .          Reflect  .   (no amulet)
rElec   .          Harm     .   f - +6 ring of strength
rCorr   .          Rampage  .   (no ring)
Will    .....                   (no ring)
Stlth   +++.......              (no ring)
HPRegen 0.07/turn               (no ring)
MPRegen 0.10/turn               (no ring)
                                (no ring)
                                (no ring)

@: no status effects
A: almost no armour, amphibious, 8 rings, camouflage 1, gelatinous body 1,
(nimble swimmer 1), tentacles
a: no special abilities


You were on level 2 of the Dungeon.
You visited 1 branch of the dungeon, and saw 2 of its levels.

You collected 50 gold pieces.

Inventory:

Hand Weapons
 a - a +0 dagger (weapon)
 l - a +0 short sword
 m - a +1 dagger of pain
Missiles
 c - 12 stones
 i - 3 poisoned darts
Jewellery
 f - a +6 ring of strength (left tentacle)
Scrolls
 b - 2 scrolls of identify {unknown}
 e - a scroll of enchant weapon {unknown}
 j - a scroll of magic mapping {unknown}
Potions
 d - a potion of haste {unknown}
 g - a potion of curing {unknown}
 h - 2 potions of magic
 k - a potion of brilliance {unknown}


   Skills:
 - Level 2.0 Dodging
 - Level 2.6 Stealth
 + Level 2.6 Spellcasting
 + Level 0.6 Hexes
 + Level 4.7 Summonings


You had 3 spell levels left.
You knew the following spells:

 Your Spells              Type           Power      Damage    Failure   Level
a - Summon Small Mammal   Summ           80%        N/A       2%          1
b - Summon Guardian Gole  Hex/Summ       12%        N/A       16%         3

Your spell library contained the following spells:

 Spells                   Type           Power      Damage    Failure   Level
 Call Imp                 Summ           20%        N/A       3%          2
 Call Canine Familiar     Summ           20%        N/A       7%          3
 Summon Lightning Spire   Summ/Air       11%        N/A       52%         4


Dungeon Overview and Level Annotations

Branches:
Dungeon (2/15)

Altars:

Annotations:
D:2 Robin


Innate Abilities, Weirdness & Mutations

You cannot wear most types of armour.
You are amphibious.
You can wear up to eight rings at the same time.
Your skin changes colour to match your surroundings (Stealth+).
Your rubbery body absorbs attacks. (AC +1, EV +1)
((You are camouflaged when in or above water. (Stealth+)))
You have tentacles for arms and can constrict up to eight enemies at once.


Message History

Your bat dies!
Your bat's corpse disappears in a puff of smoke!
Unknown command.
Casting: Summon Small Mammal (safe; 2% risk of failure)
Confirm with . or Enter, or press ? or * to list all spells.
The spell is extremely dangerous to miscast (16% risk of failure)!
Continue anyway?
A guardian golem appears, shielding your allies.
A kobold comes into view. It is wielding a +1 dagger of pain.
Robin roars a battlecry!
You barely miss the kobold. Your grab misses the kobold.
The kobold hits you with a +1 dagger of pain.
You hit the kobold. You grab the kobold.
The kobold is severely wounded.
You constrict the kobold.
You kill the kobold!
Things that are here:
a +1 dagger of pain; a kobold corpse
m - a +1 dagger of pain What are your orders? t - Shout!
Orders for allies: a - Attack new target. r - Retreat! s - Stop attacking. g - Guard the area. f - Follow me.
Anything else - Cancel.
Gang up on whom?
Press: ? - help, Dir - move target, f - hobgoblin
Aim: a hobgoblin Attack!
Robin throws the goblin at you! The goblin attacks as you move away!
The goblin closely misses you. The hobgoblin hits you.
Robin roars a battlecry!
The goblins go into a battle-frenzy!
There is a stone staircase leading up here.
You closely miss the hobgoblin. You grab the hobgoblin.
You constrict the hobgoblin, but do no damage.
The hobgoblin hits you!
* * * LOW HITPOINT WARNING * * *
The goblin hits you with a +0 club.
You die...

#. #># #.# #.#
##.### #..†.#
#....# ### #.9gg#
######.######)..@#
......gg§....g)..#
######.g#####)...#
#..# #....# #..#
#....# #..# #....#
#... ###### ##..#
##.#


You could see Robin, a hobgoblin (strong, ally target), a goblin (strong) and a
friendly guardian golem (summoned).

Vanquished Creatures
  3 endoplasms (D:1)
  6 giant cockroaches
  8 goblins
  4 kobolds
  A quokka (D:1)
  A ball python (D:1)
  5 bats (D:1)
  A frilled lizard (D:1)
  3 rats (D:1)
32 creatures vanquished.

Vanquished Creatures (collateral kills)
  A goblin (D:1)
  A hobgoblin (D:1)
  A kobold (D:1)
  A rat (D:1)
4 creatures vanquished.

Vanquished Creatures (others)
  A hobgoblin (D:2)
1 creature vanquished.

Grand Total: 37 creatures vanquished

Notes
Turn   | Place    | Note
-------+----------+-------------------------------------------
     0 | D:1      | scionoferis the Octopode Summoner began the quest for the
                  | Orb.
     0 | D:1      | Reached XP level 1. HP: 11/11 MP: 3/3
   396 | D:1      | Reached XP level 2. HP: 17/17 MP: 5/5
   849 | D:1      | Reached XP level 3. HP: 21/21 MP: 6/6
   853 | D:1      | Learned a level 3 spell: Summon Guardian Golem
   964 | D:1      | Found a faded altar of an unknown god.
  1332 | D:2      | Noticed Robin
  1362 | D:2      | Slain by a goblin

Illustrated notes

Levels and vault maps discovered:
D:1:      minmay_arrival_widening_spiral_wide, layout_basic,
          basic_ecumenical_altar, corner_web_ring
D:2:      minmay_razor_zed, layout_loops_ring, uniq_robin

Action                   || total
-------------------------++-------
Melee: Unarmed           ||     7
       Club              ||    15
       Tentacles         ||    17
       Constrict         ||    25
       Short sword       ||    16
       Dagger            ||    24
 Cast: Summon Small Mamm ||    10
       Summon Guardian G ||     2
 Stab: Sleeping          ||     6
Armor: Skin              ||     4
Dodge: Dodged            ||    37

Table legend: (Time is in decaauts)
 A = Elapsed time spent in this place.
 B = Non-inter-level travel time spent in this place.
 C = Inter-level travel time spent in this place.
 D = Time resting spent in this place.
 E = Time spent auto-exploring this place.
 F = Levels seen in this place.
 G = Mean time per level.
                   A        B        C        D        E       F      G
               +--------+--------+--------+--------+--------+-----+--------+
         Total |   1365 |   1311 |     54 |      0 |    974 |   2 |  682.5 |
       Dungeon |   1365 |   1311 |     54 |      0 |    974 |   2 |  682.5 |
               +--------+--------+--------+--------+--------+-----+--------+

Top non-repeatable levels by time:
     D:1: 1302 daAuts
     D:2: 63 daAuts
